| TOP OF THE 1ST |
|
Ohio State University Buckeyes batting - Pitching for Oklahoma State University Cowboys : RHP Nesty Pulido
|
|
Pitching: RHP Nesty Pulido
|
|
|
Batting: RHB Aukukero Tairi
|
0-0: Ground out 6-3 (Groundball, 56, EV 101.3 MPH)
|
|
Batting: RHB Aaron Bateman
|
0-0: Called Strike 0-1: Ground out 4-3 (Groundball, 4, EV 86.3 MPH)
|
|
Batting: RHB Rick English
|
0-0: Fly out, F8 (Flyball, 8RXD, EV 91.3 MPH)
|
| Top of the 1st over - 0 runs, 0 hits, 0 errors, 0 left on base; Ohio State University 0 - Oklahoma State University 0 |
| BOTTOM OF THE 1ST |
|
Oklahoma State University Cowboys batting - Pitching for Ohio State University Buckeyes : RHP Su-wu Yang
|
|
Pitching: RHP Su-wu Yang
|
|
|
Batting: LHB Orlando Rivera
|
0-0: Swinging Strike 0-1: Foul Ball, location: 2F 0-2: Ball 1-2: Ball 2-2: Ball 3-2: Foul Ball, location: 2F 3-2: Strikes out swinging
|
|
Batting: RHB Josh Hopp
|
0-0: Foul Ball, location: 2F 0-1: Ball 1-1: Ground out 6-3 (Groundball, 6, EV 89.4 MPH)
|
|
Batting: RHB Kinzo Yokoyama
|
0-0: Called Strike 0-1: Fly out, F9 (Flyball, 9S, EV 91.3 MPH)
|
| Bottom of the 1st over - 0 runs, 0 hits, 0 errors, 0 left on base; Ohio State University 0 - Oklahoma State University 0 |
| TOP OF THE 2ND |
|
Ohio State University Buckeyes batting - Pitching for Oklahoma State University Cowboys : RHP Nesty Pulido
|
|
Batting: RHB Joey Black
|
0-0: Fly out, F8 (Flyball, 8LD, EV 92.5 MPH)
|
|
Batting: RHB Xavier Castaneda
|
0-0: Called Strike 0-1: Called Strike 0-2: Foul Ball, location: 2F 0-2: Ball 1-2: Ground out 1-3 (Groundball, 13, EV 73.8 MPH)
|
|
Batting: RHB Dan Muse
|
0-0: Ball 1-0: Foul Ball, location: 2F 1-1: Ball 2-1: Ball 3-1: Base on Balls
|
|
Batting: SHB Jesus Gomez
|
0-0: Foul Ball, location: 2F 0-1: Ball 1-1: Called Strike 1-2: Ground out 4-3 (Groundball, 4, EV 84.4 MPH)
|
| Top of the 2nd over - 0 runs, 0 hits, 0 errors, 1 left on base; Ohio State University 0 - Oklahoma State University 0 |
| BOTTOM OF THE 2ND |
|
Oklahoma State University Cowboys batting - Pitching for Ohio State University Buckeyes : RHP Su-wu Yang
|
|
Batting: LHB John Fortin
|
0-0: Called Strike 0-1: Ball 1-1: Foul Ball, location: 2F 1-2: Strikes out swinging
|
|
Batting: SHB Chris Wagler
|
0-0: Called Strike 0-1: Ball 1-1: Ball 2-1: Swinging Strike 2-2: Foul Ball, location: 2F 2-2: Strikes out swinging
|
|
Batting: RHB Robbie Gomez
|
0-0: Ball 1-0: Fly out, F4 (Popup, 34, EV 71.3 MPH)
|
| Bottom of the 2nd over - 0 runs, 0 hits, 0 errors, 0 left on base; Ohio State University 0 - Oklahoma State University 0 |
| TOP OF THE 3RD |
|
Ohio State University Buckeyes batting - Pitching for Oklahoma State University Cowboys : RHP Nesty Pulido
|
|
Batting: RHB Nick Holsinger
|
0-0: Hit by Pitch
|
|
Batting: RHB Phil McFadden
|
0-0: Called Strike 0-1: 2-RUN HOME RUN (Flyball, 7D, EV 98.1 MPH), Distance : 381 ft
|
|
Batting: RHB Aukukero Tairi
|
0-0: Ball 1-0: Ball 2-0: Called Strike 2-1: Foul Ball, location: 2F 2-2: Fly out, F8 (Flyball, 8RM, EV 82.5 MPH)
|
|
Batting: RHB Aaron Bateman
|
0-0: Swinging Strike 0-1: Ball 1-1: Ball 2-1: Foul Ball, location: 2F 2-2: Ball 3-2: Strikes out swinging
|
|
Batting: RHB Rick English
|
0-0: Called Strike 0-1: Called Strike 0-2: Strikes out swinging
|
| Top of the 3rd over - 2 runs, 1 hit, 0 errors, 0 left on base; Ohio State University 2 - Oklahoma State University 0 |
| BOTTOM OF THE 3RD |
|
Oklahoma State University Cowboys batting - Pitching for Ohio State University Buckeyes : RHP Su-wu Yang
|
|
Batting: RHB Larry Clark
|
0-0: Called Strike 0-1: SINGLE (Groundball, 6S, EV 66.3 MPH) (infield hit)
|
|
Pinch Runner at 1st Josh Patterson:
|
|
|
Batting: RHB Wiliama Dana
|
0-0: Called Strike 0-1: Ball 1-1: Swinging Strike 1-2: Strikes out swinging
|
|
Batting: SHB Greg Shaw
|
0-0: Called Strike 0-1: Ball 1-1: Swinging Strike 1-2: Ball 2-2: Ball 3-2: Strikes out swinging
|
|
Batting: LHB Orlando Rivera
|
0-0: Swinging Strike 0-1: Foul Ball, location: 2F 0-2: Ball 1-2: Ball 2-2: Ball 3-2: Strikes out swinging, 2-3 out at first.
|
| Bottom of the 3rd over - 0 runs, 1 hit, 0 errors, 1 left on base; Ohio State University 2 - Oklahoma State University 0 |
| TOP OF THE 4TH |
|
Ohio State University Buckeyes batting - Pitching for Oklahoma State University Cowboys : RHP Nesty Pulido
|
|
Now at SS: Josh Patterson
|
|
|
Batting: RHB Joey Black
|
0-0: Ball 1-0: Ball 2-0: Ball 3-0: Called Strike 3-1: Swinging Strike 3-2: Foul Ball, location: 2F 3-2: Strikes out swinging
|
|
Batting: RHB Xavier Castaneda
|
0-0: Called Strike 0-1: Called Strike 0-2: Strikes out swinging
|
|
Batting: RHB Dan Muse
|
0-0: Ball 1-0: SINGLE (Line Drive, 8LS, EV 101.3 MPH)
|
|
Batting: SHB Jesus Gomez
|
0-0: Swinging Strike 0-1: Ball 1-1: Foul Ball, location: 2F 1-2: Ball 2-2: Strikes out swinging
|
| Top of the 4th over - 0 runs, 1 hit, 0 errors, 1 left on base; Ohio State University 2 - Oklahoma State University 0 |
| BOTTOM OF THE 4TH |
|
Oklahoma State University Cowboys batting - Pitching for Ohio State University Buckeyes : RHP Su-wu Yang
|
|
Batting: RHB Josh Hopp
|
0-0: Called Strike 0-1: SINGLE (Line Drive, 78S, EV 96.9 MPH)
|
|
Batting: RHB Kinzo Yokoyama
|
0-0: Swinging Strike 0-1: Foul Ball, location: 2F 0-2: Ball 1-2: Foul Ball, location: 2F 1-2: Strikes out swinging
|
|
Batting: LHB John Fortin
|
0-0: Ball 1-0: Called Strike 1-1: Ball 2-1: Foul Ball, location: 2F 2-2: Ball 3-2: Fly out, F7 (Flyball, 7LD, EV 100.6 MPH)
|
|
Batting: SHB Chris Wagler
|
0-0: Ball 1-0: Foul Ball, location: 2F 1-1: Called Strike 1-2: Ball 2-2: Foul Ball, location: 2F 2-2: Foul Ball, location: 2F 2-2: Ground out 4-3 (Groundball, 34D, EV 98.1 MPH)
|
| Bottom of the 4th over - 0 runs, 1 hit, 0 errors, 1 left on base; Ohio State University 2 - Oklahoma State University 0 |
| TOP OF THE 5TH |
|
Ohio State University Buckeyes batting - Pitching for Oklahoma State University Cowboys : RHP Nesty Pulido
|
|
Batting: RHB Nick Holsinger
|
0-0: Ball 1-0: Swinging Strike 1-1: Foul Ball, location: 2F 1-2: Ball 2-2: Foul Ball, location: 2F 2-2: Ground out 1-3 (Groundball, 15S, EV 66.3 MPH)
|
|
Batting: RHB Phil McFadden
|
0-0: Ball 1-0: Ground out 6-3 (Groundball, 6, EV 90.0 MPH)
|
|
Batting: RHB Aukukero Tairi
|
0-0: Fly out, F7 (Flyball, 7LS, EV 93.1 MPH)
|
| Top of the 5th over - 0 runs, 0 hits, 0 errors, 0 left on base; Ohio State University 2 - Oklahoma State University 0 |
| BOTTOM OF THE 5TH |
|
Oklahoma State University Cowboys batting - Pitching for Ohio State University Buckeyes : RHP Su-wu Yang
|
|
Batting: RHB Robbie Gomez
|
0-0: Called Strike 0-1: Swinging Strike 0-2: Ball 1-2: Strikes out swinging
|
|
Batting: RHB Josh Patterson
|
0-0: Fly out, F9 (Flyball, 89D, EV 93.8 MPH)
|
|
Batting: RHB Wiliama Dana
|
0-0: Foul Ball, location: 2F 0-1: Ground out 5-3 (Groundball, 56S, EV 69.4 MPH)
|
| Bottom of the 5th over - 0 runs, 0 hits, 0 errors, 0 left on base; Ohio State University 2 - Oklahoma State University 0 |
| TOP OF THE 6TH |
|
Ohio State University Buckeyes batting - Pitching for Oklahoma State University Cowboys : RHP Nesty Pulido
|
|
Batting: RHB Aaron Bateman
|
0-0: SINGLE (Flyball, 4D, EV 94.4 MPH)
|
|
Batting: RHB Rick English
|
0-0: Called Strike 0-1: Foul Ball, location: 2F 0-2: Grounds into double play, 6-4-3 (Groundball, 6, EV 103.1 MPH)
|
|
Batting: RHB Joey Black
|
0-0: Foul Ball, location: 2F 0-1: Ball 1-1: Ball 2-1: Ball 3-1: Called Strike 3-2: Fly out, F5 (Flyball, 5D, EV 81.3 MPH)
|
| Top of the 6th over - 0 runs, 1 hit, 0 errors, 0 left on base; Ohio State University 2 - Oklahoma State University 0 |
| BOTTOM OF THE 6TH |
|
Oklahoma State University Cowboys batting - Pitching for Ohio State University Buckeyes : RHP Su-wu Yang
|
|
Batting: SHB Greg Shaw
|
0-0: Swinging Strike 0-1: Ball 1-1: Ground out 4-3 (Groundball, 4D, EV 111.9 MPH)
|
|
Batting: LHB Orlando Rivera
|
0-0: Ball 1-0: Ball 2-0: SINGLE (Flyball, 89S, EV 97.5 MPH)
|
|
Pitching: RHP Marty Nelson
|
|
|
Batting: RHB Josh Hopp
|
0-0: Fly out, F9 (Flyball, 9LS, EV 93.8 MPH)
|
|
Batting: RHB Kinzo Yokoyama
|
0-0: Swinging Strike 0-1: Ball 1-1: Ball 2-1: Ball 3-1: Base on Balls Orlando Rivera to second
|
|
Batting: LHB John Fortin
|
0-0: Foul Ball, location: 2F 0-1: Foul Ball, location: 2F 0-2: Ball 1-2: Foul Ball, location: 2F 1-2: Ball 2-2: SINGLE (Line Drive, 4MD, EV 96.9 MPH) Orlando Rivera to third Kinzo Yokoyama to second Runner from 3rd tries for Home, SAFE, throw by CF to home
|
|
Batting: SHB Chris Wagler
|
0-0: Foul Ball, location: 2F 0-1: SINGLE (Groundball, 3D, EV 101.3 MPH) Kinzo Yokoyama to third John Fortin to second Runner from 3rd tries for Home, throw by RF and OUT! 9-2
|
| Bottom of the 6th over - 1 run, 3 hits, 0 errors, 2 left on base; Ohio State University 2 - Oklahoma State University 1 |
| TOP OF THE 7TH |
|
Ohio State University Buckeyes batting - Pitching for Oklahoma State University Cowboys : RHP Nesty Pulido
|
|
Batting: RHB Xavier Castaneda
|
0-0: Ball 1-0: SINGLE (Groundball, 6M, EV 90.0 MPH) (infield hit)
|
|
Batting: RHB Dan Muse
|
0-0: Sac Bunt to 23 - play at first, batter OUT! 3-4 Xavier Castaneda to second
|
|
Batting: SHB Jesus Gomez
|
0-0: Foul Ball, location: 2F 0-1: Called Strike 0-2: Ball 1-2: Ball 2-2: Foul Ball, location: 2F 2-2: Fly out, F5 (Popup, 56S, EV 65.6 MPH)
|
|
Pitching: RHP Jim Crooks
|
|
|
Batting: RHB Nick Holsinger
|
0-0: Called Strike 0-1: Foul Ball, location: 2F 0-2: Ball 1-2: DOUBLE (Line Drive, 9LS, EV 103.1 MPH) Xavier Castaneda scores
|
|
Batting: RHB Phil McFadden
|
0-0: Called Strike 0-1: Called Strike 0-2: Strikes out swinging
|
| Top of the 7th over - 1 run, 2 hits, 0 errors, 1 left on base; Ohio State University 3 - Oklahoma State University 1 |
| BOTTOM OF THE 7TH |
|
Oklahoma State University Cowboys batting - Pitching for Ohio State University Buckeyes : RHP Marty Nelson
|
|
Batting: RHB Robbie Gomez
|
0-0: Called Strike 0-1: Ball 1-1: SINGLE (Groundball, 4D, EV 106.3 MPH)
|
|
Batting: RHB Josh Patterson
|
0-0: Ball 1-0: Ball 2-0: Fielders Choice at 2nd, 4-6 (Groundball, 34, EV 89.4 MPH)
|
|
Batting: RHB Wiliama Dana
|
0-0: SINGLE (Line Drive, 9S, EV 98.1 MPH) Josh Patterson to second Runner from 2nd tries for 3rd, SAFE, throw by RF made to third
|
|
Batting: SHB Greg Shaw
|
0-0: Ball Wiliama Dana is caught stealing 2nd base 2-6 1-0: Ball 2-0: Foul Ball, location: 2F 2-1: Foul Ball, location: 2F 2-2: Strikes out swinging
|
| Bottom of the 7th over - 0 runs, 2 hits, 0 errors, 1 left on base; Ohio State University 3 - Oklahoma State University 1 |
| TOP OF THE 8TH |
|
Ohio State University Buckeyes batting - Pitching for Oklahoma State University Cowboys : RHP Jim Crooks
|
|
Batting: RHB Aukukero Tairi
|
0-0: Ball 1-0: Ball 2-0: Ball 3-0: Base on Balls
|
|
Batting: RHB Aaron Bateman
|
0-0: Called Strike Aukukero Tairi is caught stealing 2nd base 2-4 0-1: Ball 1-1: Foul Ball, location: 2F 1-2: Ground out U3 (Groundball, 34, EV 86.9 MPH)
|
|
Batting: RHB Rick English
|
0-0: Ball 1-0: Foul Ball, location: 2F 1-1: Foul Ball, location: 2F 1-2: Strikes out swinging
|
| Top of the 8th over - 0 runs, 0 hits, 0 errors, 0 left on base; Ohio State University 3 - Oklahoma State University 1 |
| BOTTOM OF THE 8TH |
|
Oklahoma State University Cowboys batting - Pitching for Ohio State University Buckeyes : RHP Marty Nelson
|
|
Now at 1B: Efrem Isaev
|
|
|
Batting: LHB Orlando Rivera
|
0-0: Called Strike 0-1: Fly out, F9 (Flyball, 9LS, EV 83.1 MPH)
|
|
Batting: RHB Josh Hopp
|
0-0: Ball 1-0: Fly out, F7 (Flyball, 7, EV 73.8 MPH)
|
|
Batting: RHB Kinzo Yokoyama
|
0-0: Called Strike 0-1: Ball 1-1: Ball 2-1: Called Strike 2-2: Ball 3-2: Fly out, F8 (Flyball, 8LD, EV 88.1 MPH)
|
| Bottom of the 8th over - 0 runs, 0 hits, 0 errors, 0 left on base; Ohio State University 3 - Oklahoma State University 1 |
| TOP OF THE 9TH |
|
Ohio State University Buckeyes batting - Pitching for Oklahoma State University Cowboys : RHP Jim Crooks
|
|
Batting: RHB Joey Black
|
0-0: Ball 1-0: Ball 2-0: Ball 3-0: Called Strike 3-1: Base on Balls
|
|
Batting: RHB Xavier Castaneda
|
0-0: Called Strike 0-1: Ball 1-1: Ball 2-1: Foul Ball, location: 2F 2-2: Ball 3-2: Foul Ball, location: 2F 3-2: Strikes out swinging
|
|
Batting: RHB Dan Muse
|
0-0: Fielders Choice at 2nd, 2-6 (Groundball, 13S, EV 71.3 MPH)
|
|
Batting: SHB Jesus Gomez
|
0-0: Called Strike 0-1: Called Strike 0-2: Foul Ball, location: 2F 0-2: Ball 1-2: Ball 2-2: Strikes out swinging
|
| Top of the 9th over - 0 runs, 0 hits, 0 errors, 1 left on base; Ohio State University 3 - Oklahoma State University 1 |
| BOTTOM OF THE 9TH |
|
Oklahoma State University Cowboys batting - Pitching for Ohio State University Buckeyes : RHP Marty Nelson
|
|
Pitching: RHP Harold Price
|
|
|
Batting: LHB John Fortin
|
0-0: Called Strike 0-1: Ball 1-1: Ball 2-1: Ball 3-1: Base on Balls
|
|
Batting: SHB Chris Wagler
|
0-0: Ball Wild Pitch! John Fortin to second 1-0: Ball 2-0: Called Strike 2-1: Fly out, F8 (Flyball, 8RXD, EV 107.5 MPH) Runner from 2nd tags up, SAFE at 3rd, no throw by CF
|
|
Batting: RHB Robbie Gomez
|
0-0: Foul Ball, location: 2F 0-1: Foul Ball, location: 2F 0-2: Ground out 4-3 (Groundball, 13, EV 82.5 MPH) John Fortin scores
|
|
Pinch Hitting: LHB Ian Cranton
|
0-0: DOUBLE (Line Drive, 3D, EV 103.8 MPH)
|
|
Batting: RHB Wiliama Dana
|
0-0: Ball 1-0: Fly out, F8 (Flyball, 8LM, EV 83.1 MPH)
|
| Bottom of the 9th over - 1 run, 1 hit, 0 errors, 1 left on base; Ohio State University 3 - Oklahoma State University 2 |
|